Map: Oxide LE

Players

A.I. 1 (Very Easy) - Winner!

  • Race: Terran Terran

DarthMufasa

  • Race: Zerg Zerg
  • League: Diamond

VOD

Have the link to the VOD?

Description

Time

  • Played on: Oct. 7, 2021, 12:50 a.m.
  • Length: 10:43
Show
View Real Time Build Order
Export as new Build Order

A.I. 1 (Very Easy) Terran - Winner!

Build Orders:  

Get SALT Encoding   

  12  0:00  SCV  
  13  0:13  SCV  
  14  0:18  Supply Depot  
  14  0:37  Refinery  
  14  0:43  Barracks  
  14  1:03  Supply Depot  
  14  1:12  Refinery  
  14  1:29  Marine  
  14  1:30  Orbital Command  
  15  1:48  Barracks Tech Lab  
  15  1:55  SCV  
  16  2:07  SCV  
  17  2:11  Marine  
  18  2:19  SCV  
  19  2:32  SCV  
  20  2:44  SCV  
  21  2:54  Marauder  
  21  2:56  SCV  
  23  4:17  SCV  
  24  5:23  SCV  
  24  6:25  SCV  
  24  6:26  Marine  
  24  6:27  Supply Depot  
  24  6:28  Factory  
  26  6:32  Command Center  
  26  6:37  SCV  
  26  6:50  SCV  
  26  6:52  Supply Depot  
  27  6:58  Marine  
  26  7:02  SCV  
  25  7:14  SCV  
  26  7:16  Starport  
  26  7:26  SCV  
  26  7:29  Marine  
  28  7:44  SCV  
  29  7:52  SCV  
  29  7:55  Starport Tech Lab, Refinery  
  30  7:58  Refinery  
  30  7:59  SCV  
  30  8:01  Marine  
  32  8:06  SCV  
  33  8:13  SCV  
  33  8:14  Raven  
  36  8:20  SCV  
  37  8:28  SCV  
  37  8:32  Marine  
  39  8:35  SCV  
  40  8:42  SCV  
  41  8:49  SCV  
  42  8:57  Raven, SCV  
  45  9:04  SCV  
  45  9:05  Marauder  
  48  9:11  SCV  
  49  9:19  SCV  
  50  9:26  SCV  
Show
View Real Time Build Order
Export as new Build Order

DarthMufasa Zerg 

Build Orders: Pool First, Muta Ling Bane 

Get SALT Encoding   

  12  0:02  Drone  
  13  0:13  Overlord  
  13  0:18  Drone  
  14  0:32  Drone x2  
  16  0:42  Spawning Pool  
  15  0:44  Drone  
  15  0:48  Drone  
  17  0:59  Extractor  
  17  1:00  Drone  
  17  1:08  Drone  
  18  1:19  Hatchery  
  18  1:21  Drone  
  18  1:31  Queen  
  20  1:35  Zergling x2  
  21  1:43  Overlord  
  21  1:51  Drone  
  22  2:02  Drone  
  22  2:08  Lair  
  23  2:15  Drone  
  24  2:30  Hatchery  
  24  2:31  Extractor  
  24  2:32  Drone x2  
  24  2:39  Drone  
  24  2:44  Queen  
  25  2:50  Metabolic Boost  
  27  3:07  Drone x4  
  27  3:08  Drone  
  32  3:13  Overlord  
  32  3:26  Spire  
  31  3:35  Zergling x4  
  31  3:36  Zergling x2  
  31  3:37  Zergling x2  
  35  3:42  Drone x2  
  37  3:48  Drone  
  37  3:50  Drone  
  39  3:57  Drone x2  
  41  4:06  Baneling Nest  
  41  4:09  Overlord  
  40  4:20  Queen  
  42  4:24  Queen  
  44  4:34  Queen  
  46  4:38  Mutalisk x3  
  46  4:44  Overlord  
  52  4:46  Drone x3  
  55  4:57  Centrifical Hooks  
  55  5:03  Extractor  
  55  5:05  Drone x4  
  55  5:06  Drone x2  
  60  5:14  Drone x2  
  60  5:15  Drone, Extractor  
  60  5:19  Drone x2  
  64  5:25  Overlord  
  64  5:32  Evolution Chamber  
  64  5:34  Drone x3  
  66  5:36  Evolution Chamber  
  66  5:40  Overlord  
  65  5:45  Drone  
  65  5:46  Drone x4  
  70  5:52  Overlord  
  70  6:00  Zerg Melee Weapons Level 1  
  70  6:01  Zerg Ground Armor Level 1  
  70  6:04  Mutalisk  
  70  6:05  Mutalisk  
  74  6:13  Zergling x6  
  74  6:14  Zergling x8  
  81  6:19  Overlord  
  81  6:22  Mutalisk x2  
  85  6:39  Hatchery  
  84  6:43  Overlord  
  84  6:46  Drone x2  
  84  6:47  Drone x6  
  92  6:48  Drone x2  
  92  6:50  Drone  
  92  6:51  Drone  
  92  6:53  Drone  
  97  7:00  Extractor  
  95  7:02  Extractor  
  95  7:03  Overlord  
  94  7:09  Drone x3  
  94  7:10  Drone x3  
  100  7:25  Infestation Pit, Drone  
  100  7:28  Zergling x8  
  100  7:29  Zergling x8  
  108  7:31  Baneling x12  
  108  7:32  Baneling x6  
  108  7:34  Overlord  
  108  7:37  Overlord  
  108  7:57  Drone  
  108  7:58  Drone x10  
  119  8:08  Extractor  
  119  8:11  Extractor  
  117  8:18  Drone x3  
  121  8:20  Drone x3  
  121  8:22  Mutalisk x5  
  133  8:28  Mutalisk  
  133  8:31  Overlord x2  
  133  8:32  Overlord  
  135  8:40  Overlord x2  
  135  8:59  Hive  
  135  9:04  Mutalisk x7  
  135  9:07  Zergling x2  
  135  9:08  Zergling x26  
  163  9:20  Zergling x2  
  163  9:21  Zergling x6  
  167  9:32  Zergling x16  
  167  9:35  Overlord x3  
  167  9:38  Baneling  
  175  9:39  Baneling x24  
  175  9:50  Overlord x2  
  175  9:51  Overlord x2  
  175  9:58  Hatchery  
  174  10:09  Mutalisk  
  174  10:10  Mutalisk x7  
  174  10:13  Zergling x6  
  174  10:14  Zergling x12  
Tags
 
Composition
Muta Ling Bane
League
Diamond
Matchup
TvZ
Opening
Pool First
Add a new tag
Caveats
  • Supply blocks, unpowered buildings, or Contaminate may cause inaccurate times.
  • Supply counts are checked every 10 seconds.